 Dungeon Crawl Stone Soup version 0.28-a0-819-g6ef7baa362 (webtiles) character file.

Game seed: 17232879917964009862

179878 siradein the Fighter (level 17, -17/131 (144) HPs)
             Began as a Demonspawn Gladiator on Nov 8, 2021.
             Was the Champion of Ru.
             Hit by a javelin thrown by a merfolk javelineer (20 damage)
             ... on level 4 of the Shoals.
             The game lasted 03:21:01 (43799 turns).

siradein the Fighter (Demonspawn Gladiator)        Turns: 43799, Time: 03:21:02

HP:   -17/131 (144) AC: 29    Str: 17    XL:     17   Next: 62%
MP:   17/17         EV: 20    Int: 12    God:    Ru [******]
Gold: 518           SH:  8    Dex: 19    Spells: 14/16 levels left

rFire   + . .      SeeInvis +   T - +5 demon trident (vorpal)
rCold   . . .      Faith    .   W - +2 buckler
rNeg    + . .      Spirit   .   S - +4 storm dragon scales
rPois   +          Reflect  .   O - +2 helmet {SInv}
rElec   +          Harm     .   B - +1 cloak
rCorr   .          Rampage  .   a - +0 pair of gloves
Will    ++...      Clarity  +   (boots unavailable)
Stlth   ..........              w - amulet of the Omega Point {rF+ rN+ Will+ Regen+}
HPRegen 1.31/turn               e - ring of poison resistance
MPRegen 0.15/turn               t - +4 ring of slaying

@: mighty, agile, studying Throwing, drained, unable to read
A: hooves 3, rugged brown scales 3, powered by pain 3, spiny 1, inability to
read while threatened, no stealth, hated by all, no air magic, no hexes magic,
no translocations magic, unskilled 1, missing an eye, clarity, clever 1, sturdy
frame 1
a: Renounce Religion, Draw Out Power, Power Leap, Apocalypse


You were on level 4 of the Shoals.
You worshipped Ru.
Ru was exalted by your worship.
You visited 4 branches of the dungeon, and saw 27 of its levels.
You also visited: Ice Cave and Volcano.

You collected 2992 gold pieces.
You spent 2474 gold pieces at shops.

Inventory:

Hand Weapons
 p - a +4 vampiric spear
 N - the +7 triple crossbow of Prudence {speed, Int+4 SInv}
   (You took it off a kobold on level 10 of the Dungeon)

   Attacks with this weapon are significantly faster.
   Int:       It affects your intelligence (+4).
   SInv:      It lets you see invisible.
 T - a +5 vorpal demon trident (weapon)
Missiles
 c - 212 bolts
 d - 8 throwing nets
 n - 26 boomerangs (quivered)
 q - 16 javelins
 G - 4 curare-tipped darts
 V - 2 boomerangs of dispersal
 Z - 9 atropa-tipped darts
Armour
 a - a +0 pair of gloves (worn)
 g - +0 fire dragon scales
 B - a +1 cloak (worn)
 O - a +2 helmet of see invisible (worn)
 S - +4 storm dragon scales (worn)
 W - a +2 buckler (worn)
Jewellery
 b - the amulet "Ipteg" {Reflect -Cast rPois Str+2 SH+5}
   (You bought it in a shop on level 2 of the Orcish Mines)

   [amulet of reflection]

   It reflects blocked missile attacks.
   Str:       It affects your strength (+2).
   rPois:     It protects you from poison.
   -Cast:     It prevents spellcasting.
   SH:        It affects your SH (+5).
 e - a ring of poison resistance (left hand)
 t - a +4 ring of slaying (right hand)
 w - the amulet of the Omega Point (around neck) {rF+ rN+ Will+ Regen+}
   (You acquired it on level 15 of the Dungeon)

   [amulet of regeneration]

   rF:        It protects you from fire.
   rN:        It protects you from negative energy.
   Regen:     It increases your rate of health regeneration.
   Will:      It increases your willpower.
 E - a +4 ring of slaying
 Q - a ring of protection from cold
 R - the ring of Ifiskid {rF+ rN+ Will+ SInv}
   (You bought it in a shop on level 2 of the Orcish Mines)

   [ring of positive energy]

   rF:        It protects you from fire.
   rN:        It protects you from negative energy.
   SInv:      It lets you see invisible.
   Will:      It increases your willpower.
Wands
 i - a wand of flame (75)
 x - a wand of acid (21)
 F - a wand of iceblast (41)
 K - a wand of digging (20)
 P - a wand of paralysis (36)
 X - a wand of polymorph (5)
Scrolls
 j - 11 scrolls of teleportation
 o - 2 scrolls of immolation
 s - 5 scrolls of fear
 u - 5 scrolls of amnesia
 I - a scroll of blinking
 J - 3 scrolls of identify
 L - 4 scrolls of fog
 Y - a scroll of silence
Potions
 f - 2 potions of heal wounds
 h - 16 potions of curing
 k - 6 potions of haste
 l - 6 potions of cancellation
 m - 3 potions of magic
 r - a potion of berserk rage
 v - 6 potions of flight
 z - 2 potions of resistance
 A - 3 potions of ambrosia
 C - 2 potions of invisibility
 D - 4 potions of might
 H - 2 potions of mutation
 U - a potion of brilliance
Miscellaneous
 y - a lightning rod (4/4)
 M - a phial of floods


   Skills:
 + Level 12.9 Fighting
 + Level 12.0 Polearms
 + Level 8.0 Crossbows
 + Level 11.9 Throwing
 + Level 11.7 Armour
 + Level 12.0 Dodging
 - Level 4.0 Shields
 - Level 1.5 Transmutations
 + Level 5.6 Evocations


You had 14 spell levels left.
You knew the following spells:

 Your Spells              Type           Power      Damage    Failure   Level
a - Wereblood             Tmut           3%         N/A       80%         2

Your spell library contained the following spells:

 Spells                   Type           Power      Damage    Failure   Level
 Beastly Appendage        Tmut           6%         N/A       65%         1
 Pain                     Necr           0%         1d4       86%         1
 Passwall                 Tmut/Erth      0%         N/A       88%         2
 Spider Form              Tmut/Pois      1%         N/A       98%         3
 Conjure Flame            Conj/Fire      0%         6-21      99%         3
 Ignite Poison            Fire/Tmut/Pois 1%         N/A       99%         3
 Vampiric Draining        Necr           0%         2d6       99%         3
 Hailstorm                Conj/Ice       0%         3d3       100%        4
 Ice Form                 Ice/Tmut       1%         N/A       100%        4
 Petrify                  Tmut/Erth      1%         N/A       100%        4
 Sticky Flame             Conj/Fire      0%         2d3       100%        4
 Blade Hands              Tmut           1%         N/A       100%        5
 Excruciating Wounds      Necr           0%         N/A       100%        5
 Eringya's Noxious Bog    Tmut/Pois      0%         N/A       100%        6
 Statue Form              Tmut/Erth      0%         N/A       100%        6
 Animate Skeleton         Necr           Unusable   N/A       N/A         1
 Portal Projectile        Hex/Tloc       Unusable   N/A       N/A         3
 Swiftness                Air            Unusable   N/A       N/A         3
 Metabolic Englaciation   Hex/Ice        Unusable   N/A       N/A         5
 Summon Forest            Summ/Tloc      Unusable   N/A       N/A         5
 Invisibility             Hex            Unusable   N/A       N/A         6
 Simulacrum               Ice/Necr       Unusable   N/A       N/A         6
 Summon Hydra             Summ           Unusable   N/A       N/A         7

Dungeon Overview and Level Annotations

Branches:
Dungeon (15/15)            Temple (0/1) D:6            Lair (6/6) D:11
 Shoals (4/4) Lair:4        Snake (0/4) Lair:2        Slime (0/5) Lair:5
    Orc (2/2) D:9             Elf (0/3) Orc:2        Vaults (0/5) D:14
 Depths (0/4) D:15          IceCv (visited)         Volcano (visited)

Altars:
Ashenzari
Fedhas
Gozag
Qazlal
Ru
Wu Jian
Xom
Beogh

Shops:
D:15 *   Orc:1 [   Orc:2 =(*[   Shoals:1 ?   Shoals:3 !

Annotations:
Shoals:4 Nikola


Innate Abilities, Weirdness & Mutations

You have hooves in place of feet.
You are completely covered in rugged brown scales. (AC +3, +7% HP)
You are powered by pain.
You are partially covered in sharp spines.
You sometimes lose the ability to read scrolls when taking damage.
You cannot be stealthy.
You are hated by all.
You cannot study or cast Air magic.
You cannot study or cast Hexes magic.
You cannot study or cast Translocations magic.
You are somewhat unskilled. (-1 Apt)
You are missing an eye, making it more difficult to aim.
You possess an exceptional clarity of mind.
Your mind is acute. (Int +2)
Your movements are slightly less encumbered by armour. (ER -2)


Message History

The merfolk javelineer throws a javelin.
The javelin pierces through the merfolk!!
The merfolk dies!
The javelin pierces through the merfolk impaler!!
The javelin pierces through the merfolk aquamancer!
The javelin pierces through the merfolk impaler!!
Unknown command.
You feel much better.
You feel less exhausted.
The wind drake begins to attack, but is stunned by your conviction!
Nikola gestures wildly while chanting.
Lightning arcs from Nikola's hands!
The bolt of lightning hits the wind drake!!!
The wind drake dies!
A bolt of lightning appears from out of thin air!
The bolt of lightning hits the merfolk impaler!!!
The merfolk impaler dies!
The bolt of lightning hits the merfolk impaler!!!
The merfolk impaler dies!
The bolt of lightning hits the merfolk!!
The merfolk dies!
You hear a splash. x2
The bolt of lightning hits the merfolk impaler!!
The bolt of lightning hits the merfolk javelineer!!!
The merfolk javelineer dies!
You hear a splash. x3
The bolt of lightning hits the merfolk aquamancer!!!
The merfolk aquamancer dies!
The bolt of lightning hits Nikola.
The bolt of lightning hits the frost giant!!
The bolt of lightning hits the snapping turtle!!
The bolt of lightning hits you!! You resist.
* * * LOW HITPOINT WARNING * * *
A bolt of lightning appears from out of thin air!
The bolt of lightning hits the merfolk javelineer!!
The merfolk javelineer shouts!
The frost giant begins to cast a spell, but is stunned by your conviction!
The merfolk javelineer throws a javelin.
The javelin pierces through you!!
You die...

...P..$.....≈##≈≈#.#
...P.P.P..P.≈≈#≈mk≈.
....P.......m##H≈≈#
..P≈P≈P.≈P≈≈≈)C# #### .
..PPP≈.PP≈≈)t.)##≈#.##.≈
≈≈.....PP≈≈≈.m).......≈≈
≈≈≈..P.≈≈≈≈≈..))...≈≈≈≈≈
≈≈P≈.##.≈≈≈≈........≈≈≈≈
P≈≈ ..≈≈≈@.....@....≈≈≈
≈≈≈≈≈≈≈...........≈≈
≈≈≈≈≈≈≈...........≈≈
≈≈≈≈≈............≈≈
≈≈≈≈≈...........≈≈
≈≈≈≈≈.........≈≈≈
≈≈≈≈........≈≈≈≈
≈≈≈≈......≈≈≈≈≈


You could see Nikola, a frost giant, a merfolk impaler, a merfolk javelineer and
a snapping turtle.

Vanquished Creatures
  Jorgrun (Shoals:1)
  Mlioglotl (Shoals:2)
  Rupert (Lair:5)
  Polyphemus (Shoals:2)
  An orc warlord (Orc:2)
  A frost giant (Shoals:2)
  The ghost of croobank the Severer, a journeyman MiBe of Trog (Orc:1)
  Nessos (D:15)
  A spark wasp (shapeshifter) (D:11)
  Snorg (D:9)
  A merfolk javelineer (Shoals:2)
  An ettin (Orc:1)
  2 fire dragons
  Josephine (D:10)
  4 merfolk impalers
  10 hydras
  Erolcha (D:9)
  Fannar (Lair:1)
  8 vault guards
  A rakshasa (D:13)
  An ogre mage (D:11)
  Harold (D:8)
  4 boulder beetles
  3 catoblepae
  3 merfolk avatars
  3 alligator snapping turtles
  A dancing weapon (Orc:1)
  9 centaur warriors
  2 death knights
  Erica (Orc:1)
  A hell hog (Volcano)
  A tengu warrior (D:12)
  A merfolk aquamancer (Shoals:3)
  7 two-headed ogres
  4 satyrs
  3 death yaks (Shoals:2)
  2 deep troll earth magi (D:11)
  Urug (Lair:3)
  3 orc high priests (Orc:2)
  A hell knight (D:11)
  2 storm dragon skeletons (D:15)
  Nergalle (D:10)
  The ghost of pokeman the Thaumaturge, a novice DEWz of Vehumet (D:9)
  10 sea snakes
  A skeletal warrior (D:9)
  A lindwurm (Lair:4)
  2 wolf spider zombies (D:15)
  A swamp dragon (Lair:5)
  Pikel (D:8)
  3 deep elf pyromancers
  2 necromancers (D:15)
  A wizard (D:15)
  2 deep elf zephyrmancers (D:15)
  3 orc knights
  24 ugly things
  7 orc sorcerers
  15 fauns
  14 harpies
  24 cyclopes
  15 manticores
  8 merfolk sirens
  Maurice (Orc:1)
  8 elephants
  5 water nymphs
  A naga mage (D:15)
  Joseph (D:10)
  4 black mambas
  The ghost of ALWAYSlose the Skirmisher, a novice DsBe of Trog (D:4)
  2 unseen horrors
  Maggie (D:9)
  9 cane toads
  2 ice statues (IceCv)
  2 kobold demonologists (D:11)
  A centaur skeleton (D:15)
  3 rime drakes
  3 gargoyles
  5 komodo dragons
  A freezing wraith (IceCv)
  A rime drake (shapeshifter) (D:13)
  A tengu conjurer (D:12)
  23 merfolk
  3 meliai (D:15)
  3 polar bears (Lair:6)
  7 trolls
  3 wind drakes
  7 hornets
  12 blink frogs
  12 dream sheep
  5 slime creatures
  6 snapping turtles
  14 spriggans (Lair:6)
  7 water elementals
  3 vampires
  A tarantella (shapeshifter) (D:13)
  4 wyverns
  4 wraiths
  3 shadows
  53 yaks
  15 fire bats (Volcano)
  Grum (D:9)
  12 vampire mosquitoes
  A steam dragon (D:10)
  8 basilisks
  A naga (Lair:2)
  4 wargs
  7 acid dragons
  11 water moccasins
  A hell hound (Volcano)
  A swamp drake (shapeshifter) (D:10)
  A hornet zombie (D:15)
  40 orc warriors
  6 ice beasts
  A sky beast (D:7)
  A black bear (shapeshifter) (D:15)
  6 black bears
  4 ogres
  An ogre (shapeshifter) (D:11)
  4 boggarts (Lair:6)
  86 wolves
  15 centaurs
  4 phantoms
  2 kobold brigands
  3 scorpions
  3 gnoll sergeants
  15 bullfrogs
  A wyvern zombie (D:5)
  5 two-headed ogre simulacra (Orc:1)
  A water moccasin zombie (D:5)
  A wyvern skeleton (D:6)
  A hornet simulacrum (D:15)
  An elephant simulacrum (Orc:1)
  2 troll zombies (D:9)
  4 killer bees (D:8)
  17 wights
  6 electric eels
  10 howler monkeys
  7 centaur zombies
  3 bullfrog zombies
  2 jellies
  7 lava snakes (Volcano)
  6 hounds
  Crazy Yiuf (D:5)
  22 orc priests
  A bullfrog skeleton (D:5)
  2 iguanas
  18 orc wizards
  2 spriggan simulacra (Orc:1)
  2 wolf simulacra (IceCv)
  6 ogre zombies (D:9)
  4 centaur simulacra
  9 gnolls
  3 howler monkey zombies
  A howler monkey skeleton (D:7)
  7 adders
  2 ufetubi
  An adder zombie (D:4)
  2 worms
  6 dart slugs
  62 orcs
  8 endoplasms
  7 giant cockroaches
  10 goblins
  6 hobgoblins
  16 kobolds
  4 quokkas
  12 ball pythons
  7 bats
  7 frilled lizards
  A goblin skeleton (D:9)
  4 goblin zombies (D:9)
  3 hobgoblin zombies (D:9)
  4 orc skeletons (D:9)
  13 orc zombies (D:9)
  10 rats
1043 creatures vanquished.

Vanquished Creatures (others)
  A storm dragon (D:11)
  2 merfolk impalers (Shoals:4)
  A merfolk javelineer (Shoals:4)
  A boulder beetle (D:10)
  A hydra (Lair:4)
  A merfolk aquamancer (Shoals:4)
  A death knight (D:11)
  A two-headed ogre (D:11)
  A harpy (Shoals:3)
  A harpy (shapeshifter) (D:13)
  An orc knight (Orc:2)
  A manticore (Shoals:2)
  A water nymph (Shoals:4)
  3 merfolk (Shoals:4)
  A wind drake (Shoals:4)
  2 snapping turtles (Shoals:4)
  A shadow (D:10)
  2 spriggans (Lair:6)
  A warg (Orc:1)
  An orc warrior (Orc:1)
  2 wolves
  An ogre (Orc:1)
  A bullfrog (D:8)
  An orc wizard (Orc:1)
  An orc (D:12)
  34 fungi
  91 plants
156 creatures vanquished.

Grand Total: 1199 creatures vanquished

Notes
Turn   | Place    | Note
-------+----------+-------------------------------------------
     0 | D:1      | siradein the Demonspawn Gladiator began the quest for the
                  | Orb.
     0 | D:1      | Reached XP level 1. HP: 16/16 MP: 1/1
   144 | D:1      | Gained mutation: You have large cloven feet. [demonic
                  | ancestry]
   144 | D:1      | Reached XP level 2. HP: 18/22 MP: 2/2
   428 | D:1      | Reached XP level 3. HP: 27/28 MP: 3/3
   600 | D:1      | Found a faded altar of an unknown god.
   904 | D:2      | Gained mutation: You are partially covered in rugged brown
                  | scales. (AC +1, +3% HP) [demonic ancestry]
   904 | D:2      | Reached XP level 4. HP: 28/35 MP: 4/4
  1538 | D:3      | Found a sacrificial altar of Ru.
  1668 | D:3      | Became a worshipper of Ru the Awakened
  1964 | D:3      | Found a stormy altar of Qazlal.
  1976 | D:3      | Found a blossoming altar of Fedhas.
  2361 | D:4      | Reached skill level 1 in Armour
  2429 | D:4      | Found an ornate altar of the Wu Jian Council.
  2467 | D:4      | Gained mutation: You have hoof-like feet. [demonic
                  | ancestry]
  2467 | D:4      | Reached XP level 5. HP: 29/42 MP: 5/5
  2501 | D:4      | Noticed a hornet
  2558 | D:4      | Found a runed translucent door.
  2595 | D:4      | Found a runed translucent door.
  2637 | D:4      | Gained mutation: You are hated by all. [Ru sacrifice]
  2637 | D:4      | Reached * piety under Ru
  2980 | D:4      | Killed a hornet
  2981 | D:4      | Reached XP level 6. HP: 48/48 MP: 6/6
  3104 | D:4      | Noticed ALWAYSlose's ghost (novice DsBe)
  3188 | D:5      | Entered Level 5 of the Dungeon
  3259 | D:5      | Found a broken altar of Ashenzari.
  3372 | D:5      | Gained mutation: You are mostly covered in rugged brown
                  | scales. (AC +2, +5% HP) [demonic ancestry]
  3372 | D:5      | Reached XP level 7. HP: 46/55 MP: 7/7
  3437 | D:5      | Found a runed translucent door.
  3438 | D:5      | Noticed Crazy Yiuf
  3995 | D:5      | Identified the +3 quarterstaff of Fankut {venom, Dex+4}
  4334 | D:5      | Gained mutation: You have hooves in place of feet. [demonic
                  | ancestry]
  4334 | D:5      | Reached XP level 8. HP: 64/64 MP: 8/8
  4634 | D:5      | Killed Crazy Yiuf
  4703 | D:6      | Reached skill level 5 in Dodging
  4767 | D:6      | Reached skill level 5 in Fighting
  4767 | D:6      | Reached skill level 5 in Polearms
  5047 | D:6      | Found a staircase to the Ecumenical Temple.
  5067 | D:6      | Reached skill level 5 in Throwing
  5174 | D:6      | Found a transporter.
  5439 | D:6      | Gained mutation: You are completely covered in rugged brown
                  | scales. (AC +3, +7% HP) [demonic ancestry]
  5439 | D:6      | Reached XP level 9. HP: 52/72 MP: 9/9
  5536 | D:6      | Found a transporter.
  5897 | D:4      | Killed ALWAYSlose's ghost
  6409 | D:7      | Gained mutation: You cannot study or cast Air magic. [Ru
                  | sacrifice]
  6409 | D:7      | Gained mutation: You cannot study or cast Hexes magic. [Ru
                  | sacrifice]
  6409 | D:7      | Gained mutation: You cannot study or cast Translocations
                  | magic. [Ru sacrifice]
  6409 | D:7      | Reached ** piety under Ru
  6446 | D:7      | Reached skill level 5 in Armour
  7870 | D:8      | Gained mutation: You sometimes gain a little power by
                  | taking damage. [demonic ancestry]
  7870 | D:8      | Reached XP level 10. HP: 57/82 MP: 10/10
  7993 | D:8      | Noticed Harold
  8005 | D:8      | Killed Harold
  8165 | D:8      | Noticed Pikel
  8200 | D:8      | Killed Pikel
  8949 | D:9      | Noticed Grum
  9015 | D:9      | Killed Grum
  9015 | D:9      | Noticed Erolcha
  9030 | D:9      | Killed Erolcha
  9243 | D:9      | Found a runed translucent gate.
  9243 | D:9      | Found a runed translucent gate.
  9243 | D:9      | Found a runed translucent gate.
  9247 | D:9      | Noticed pokeman's ghost (novice DEWz)
  9288 | D:9      | Found a staircase to the Orcish Mines.
  9290 | D:9      | Noticed Maggie
  9423 | D:9      | Killed Maggie
  9424 | D:9      | Reached XP level 11. HP: 85/92 MP: 11/11
  9606 | D:9      | Noticed a two-headed ogre
  9611 | D:9      | Gained mutation: You cannot be stealthy. [Ru sacrifice]
  9611 | D:9      | Reached *** piety under Ru
  9626 | D:9      | Killed a two-headed ogre
 10001 | D:9      | Found an opulent altar of Gozag.
 10343 | D:9      | Noticed a skeletal warrior
 10399 | D:9      | Noticed a deep elf pyromancer
 10405 | D:9      | Killed a deep elf pyromancer
 10442 | D:9      | Noticed a centaur warrior
 10483 | D:10     | Entered Level 10 of the Dungeon
 10804 | D:10     | Noticed Joseph
 10815 | D:10     | Killed Joseph
 10968 | D:10     | Noticed Josephine
 10989 | D:10     | Killed Josephine
 11536 | D:10     | Noticed a two-headed ogre
 11781 | D:8      | Killed a two-headed ogre
 11995 | D:10     | Identified the +7 triple crossbow of Prudence {speed, Int+4
                  | SInv}
 12000 | D:10     | Noticed Snorg
 12005 | D:10     | Noticed a boulder beetle
 12244 | D:10     | Killed a boulder beetle
 12261 | D:10     | Noticed a centaur warrior
 12283 | D:10     | Killed a centaur warrior
 13455 | D:11     | Noticed a two-headed ogre
 13468 | D:10     | Reached XP level 12. HP: 92/101 MP: 12/12
 13471 | D:10     | Killed a two-headed ogre
 13820 | D:11     | Noticed a two-headed ogre
 13856 | D:11     | Killed a two-headed ogre
 13864 | D:11     | Noticed a two-headed ogre
 14094 | D:11     | Killed a two-headed ogre
 14193 | D:11     | Noticed a two-headed ogre
 14197 | D:11     | Killed a two-headed ogre
 14530 | D:11     | Noticed a two-headed ogre
 14546 | D:11     | Killed a two-headed ogre
 14601 | D:11     | Noticed a centaur warrior
 14601 | D:11     | Noticed an ogre mage
 14602 | D:11     | Noticed a deep troll earth mage
 14606 | D:11     | Noticed a deep troll earth mage
 14607 | D:11     | Reached skill level 10 in Fighting
 14630 | D:11     | Killed a deep troll earth mage
 14638 | D:11     | Killed a centaur warrior
 14731 | D:11     | Killed a deep troll earth mage
 14736 | D:11     | Killed an ogre mage
 14785 | D:11     | Noticed a storm dragon
 14802 | D:11     | Killed a storm dragon
 15126 | D:11     | Gained mutation: You sometimes gain power by taking damage.
                  | [demonic ancestry]
 15126 | D:11     | Reached XP level 13. HP: 61/111 MP: 11/13
 15474 | D:11     | Gained mutation: You sometimes lose the ability to read
                  | scrolls when taking damage. [Ru sacrifice]
 15474 | D:11     | Reached **** piety under Ru
 15474 | D:11     | Reached ***** piety under Ru
 15661 | D:11     | Noticed a fire dragon
 16549 | D:9      | Reached skill level 10 in Dodging
 16570 | D:9      | Reached skill level 10 in Polearms
 16814 | D:9      | Killed Snorg
 16815 | D:9      | Reached skill level 1 in Crossbows
 17343 | D:11     | Noticed Nergalle
 17406 | D:10     | Killed Nergalle
 17600 | D:11     | Found a staircase to the Lair.
 17627 | Lair:1   | Entered Level 1 of the Lair of Beasts
 17976 | Lair:1   | Noticed Fannar
 17990 | Lair:1   | Killed Fannar
 18122 | Lair:1   | Reached skill level 10 in Throwing
 19208 | Lair:2   | Found a staircase to the Snake Pit.
 19726 | Lair:2   | Identified the +10 flail "Hell-Harrower" {freeze, Str+4
                  | Int+3}
 20049 | Lair:2   | Gained mutation: You are missing an eye, making it more
                  | difficult to aim. [Ru sacrifice]
 20310 | Lair:3   | Noticed Urug
 20332 | Lair:3   | Killed Urug
 20467 | Lair:3   | Reached skill level 10 in Armour
 21530 | Lair:3   | Reached XP level 14. HP: 43/117 MP: 8/14
 22320 | Lair:4   | Reached skill level 1 in Shields
 23021 | Lair:4   | Gained mutation: You are somewhat unskilled. (-1 Apt) [Ru
                  | sacrifice]
 23021 | Lair:4   | Reduced skill Fighting to level 10
 23021 | Lair:4   | Reached ****** piety under Ru
 23434 | Lair:4   | Found a staircase to the Shoals.
 24295 | Lair:5   | Reached skill level 10 in Dodging
 24672 | Lair:5   | Learned a level 2 spell: Wereblood
 24690 | Lair:5   | Identified the +4 leather armour of the Camelopard {-Tele
                  | rPois Dex+3}
 25001 | Lair:5   | Found a staircase to the Slime Pits.
 25157 | Lair:6   | Entered Level 6 of the Lair of Beasts
 25185 | Lair:5   | Reached skill level 10 in Polearms
 25623 | Lair:6   | Noticed Rupert
 25904 | Lair:5   | Killed Rupert
 26864 | Lair:6   | Reached skill level 10 in Throwing
 27962 | Lair:6   | Gained mutation: You are partially covered in sharp spines.
                  | [demonic ancestry]
 27962 | Lair:6   | Reached XP level 15. HP: 87/126 MP: 8/15
 28629 | D:9      | Killed pokeman's ghost
 28703 | D:9      | Identified the +0 pair of boots "Damnable Contraption"
                  | {Rampage rPois}
 28965 | D:11     | Reached skill level 5 in Crossbows
 28965 | D:11     | Reached skill level 10 in Armour
 29194 | D:11     | Identified the +5 plate armour "Tiklid" {rF+}
 29357 | Orc:1    | Entered Level 1 of the Orcish Mines
 29359 | Orc:1    | Noticed Erica
 29375 | Orc:1    | Killed Erica
 29394 | Orc:1    | Found a frozen archway.
 29401 | Orc:1    | Noticed Maurice
 29419 | Orc:1    | Killed Maurice
 29771 | IceCv    | Entered an ice cave
 29789 | IceCv    | Found a transporter.
 29797 | IceCv    | Found a transporter.
 29800 | IceCv    | Identified the +7 chain mail of the Big Bang {Rampage Str+4
                  | Int-3 Stlth+}
 30181 | Orc:1    | Found a runed translucent door.
 30181 | Orc:1    | Found a shimmering altar of Xom.
 30181 | Orc:1    | Noticed croobank's ghost (journeyman MiBe)
 30661 | Orc:1    | Found Berun's Armour Boutique.
 31081 | Orc:1    | Killed croobank's ghost
 31281 | Orc:2    | Entered Level 2 of the Orcish Mines
 31315 | Orc:2    | Found a staircase to the Elven Halls.
 31331 | Orc:2    | Paralysed by an orc sorcerer for 6 turns
 31393 | Orc:2    | Found a dark tunnel.
 31399 | Volcano  | Entered a volcano
 31754 | Volcano  | Found a bloodstained altar of Trog.
 32310 | Orc:2    | Noticed an orc warlord
 32336 | Orc:2    | Killed an orc warlord
 32946 | Orc:2    | Gained mutation: You are dopey. (Int -2) [a neqoxec]
 33041 | Orc:2    | Paralysed by an orc sorcerer for 5 turns
 33049 | Orc:2    | Reached skill level 1 in Transmutations
 33525 | Orc:2    | Found Dagoamur's Antique Armour Shoppe.
 33526 | Orc:2    | Found Asippycu's Antique Weapon Shoppe.
 33528 | Orc:2    | Found Umeydon's General Store.
 33528 | Orc:2    | Found Yfaorchuc's Jewellery Emporium.
 33533 | Orc:2    | Bought a scroll of identify for 28 gold pieces
 33535 | Orc:2    | Bought the amulet "Ipteg" {Reflect -Cast rPois Str+2 SH+5}
                  | for 691 gold pieces
 33535 | Orc:2    | Bought the ring of Ifiskid {rF+ rN+ Will+ SInv} for 788
                  | gold pieces
 33914 | D:12     | HP: 3/128 [barbs]
 34492 | D:12     | Reached skill level 1 in Evocations
 34577 | D:12     | You fall into a shaft and drop 3 floors!
 34577 | D:15     | Entered Level 15 of the Dungeon
 35247 | D:12     | Reached XP level 16. HP: 105/135 MP: 16/16
 35247 | D:12     | Upgraded the game from 0.28-a0-816-gb054d885db to
                  | 0.28-a0-819-g6ef7baa362
 36604 | D:14     | Found a gate to the Vaults.
 37335 | D:14     | Identified a scroll of acquirement
 37529 | D:14     | Identified the +10 plate armour of the Ward {rPois rC++
                  | Will- rCorr}
 37945 | D:15     | Found Keinu's Assorted Antiques.
 38103 | D:15     | Noticed Nessos
 38115 | D:15     | Killed Nessos
 39321 | D:15     | Found a staircase to the Depths.
 39325 | D:15     | Acquired the amulet of the Omega Point {rF+ rN+ Will+
                  | Regen+}
 39586 | Shoals:1 | Entered Level 1 of the Shoals
 39586 | Shoals:1 | Found Nuphan Qyv's Magic Scroll Boutique.
 39952 | Shoals:1 | Noticed Jorgrun
 39964 | Shoals:1 | Killed Jorgrun
 40627 | Shoals:2 | Identified the +3 falchion of Vearuufi {freeze, Will+}
 41176 | Shoals:2 | Gained mutation: You are powered by pain. [demonic
                  | ancestry]
 41176 | Shoals:2 | Reached XP level 17. HP: 141/141 MP: 17/17
 41231 | Shoals:2 | Noticed Polyphemus
 41270 | Shoals:2 | Killed Polyphemus
 42196 | Shoals:2 | Reached skill level 5 in Evocations
 42514 | Shoals:1 | Bought a scroll of brand weapon for 380 gold pieces
 42516 | Shoals:1 | Bought 3 scrolls of enchant weapon for 427 gold pieces
 42549 | Shoals:3 | Noticed Mlioglotl
 42568 | Shoals:2 | Killed Mlioglotl
 43008 | Shoals:3 | Found Micom's Distillery.
 43046 | Shoals:3 | Bought a potion of mutation for 160 gold pieces
 43046 | Shoals:3 | Lost mutation: You are dopey. (Int -2) [potion of mutation]
 43046 | Shoals:3 | Gained mutation: You possess an exceptional clarity of
                  | mind. [potion of mutation]
 43046 | Shoals:3 | Gained mutation: Your mind is acute. (Int +2) [potion of
                  | mutation]
 43046 | Shoals:3 | Gained mutation: Your movements are slightly less
                  | encumbered by armour. (ER -2) [potion of mutation]
 43474 | Shoals:4 | Entered Level 4 of the Shoals
 43785 | Shoals:4 | Noticed Nikola
 43799 | Shoals:4 | HP: 3/131 [Nikola/arc of chain lightning (33)]
 43799 | Shoals:4 | Hit by a javelin thrown by a merfolk javelineer

Illustrated notes

Levels and vault maps discovered:
D:1:      saegor_arrival_under_anarchy, layout_rooms,
          hellmonk_ecumenical_altar_leap_of_faith
D:2:      layout_basic, minmay_cut_off
D:3:      layout_basic, mainiacjoe_overflow_brackets,
          grunt_temple_overflow_forces_of_nature, minmay_misc_feat_more_columns
D:4:      layout_rooms, mainiacjoe_overflow_tiny_flanked, ebering_ghost_sewer_f,
          minmay_puff
D:5:      layout_basic, mainiacjoe_overflow_boulevard, uniq_crazy_yiuf_cottage
D:6:      gammafunk_cloud_chamber, layout_layer_cave,
          minmay_temple_entry_statues_fountains, minmay_misc_feat_nine_boxes,
          minmay_increasing_density
D:7:      layout_basic, water_maze_lemuel
D:8:      layout_basic, chequers_serial_rivers_room_b, uniq_harold, uniq_pikel
D:9:      minmay_chambers_of_sixes, layout_cave_pools, marbit_many_paths,
          zombieorc2_lemuel, biasface_ghost_orc_armoury, centaur_isle,
          uniq_erolcha, uniq_maggie, uniq_grum
D:10:     minmay_the_grid_triangle_9x9_recursive_2_mashed
          [minmay_the_grid_triangle_9x9_prize_center,
          minmay_the_grid_triangle_9x9_thin_v,
          minmay_the_grid_triangle_9x9_odd_lines,
          minmay_the_grid_triangle_9x9_steps], layout_basic, uniq_snorg,
          uniq_josephine, uniq_joseph
D:11:     nzn_winding_woodlands_huge [nzn_winding_woodlands_5x15_cabin,
          nzn_winding_woodlands_5x15_concentric,
          nzn_winding_woodlands_5x15_river_crossing,
          nzn_winding_woodlands_5x15_split_checker,
          nzn_winding_woodlands_5x15_garden, nzn_winding_woodlands_5x15_default,
          nzn_winding_woodlands_5x15_crooked,
          nzn_winding_woodlands_5x15_pathside_ponds,
          nzn_winding_woodlands_5x15_jagged, nzn_winding_woodlands_5x15_eye,
          nzn_winding_woodlands_center_lodge,
          nzn_winding_woodlands_center_garden,
          nzn_winding_woodlands_15x15_thick_spiral], layout_rooms, uniq_nergalle
D:12:     layout_roguey, minmay_bent
D:13:     layout_loops_ring, fedhas_bush_and_centaur_altar
D:14:     layout_basic, erik_vaults_2, nicolae_twisting_strands
D:15:     grunt_enter_depths_magical_seal, layout_cave_pools, glass_columns_a,
          serial_shops, shop, uniq_nessos
Lair:1:   layout_cave_pods, uniq_fannar
Lair:2:   layout_chaotic_city, guppyfry_snake_entry_garden, serial_bayou_shore_b
Lair:3:   layout_cave_pods, nicolae_quartered_pool_super, grunt_megastairs_5,
          infiniplex_staircase_pool_2, serial_bayou_shore_a, uniq_urug
Lair:4:   layout_cave_pods, elwin_shoals_entry_rooms,
          grunt_forest_large_clearings, serial_bayou_shore_b
Lair:5:   layout_loops_ring, dpeg_slime_entry_corner, hibernation_bobbens,
          lemuel_fruit_tree
Lair:6:   minmay_lair_end_enchanted_forest, layout_hall_layers, uniq_rupert
Shoals:1: layout_shoals, serial_shops, shop_fountains, uniq_jorgrun
Shoals:2: layout_shoals, st_shoals_ruin, uniq_polyphemus
Shoals:3: layout_shoals, serial_shops, nicolae_shop_stone,
          nicolae_shoals_nautilus_by_nature, uniq_mlioglotl
Shoals:4: shoals_end_grunt_ice, layout_shoals, nicolae_shoals_square_sea_wall,
          uniq_nikola
Orc:1:    layout_caves, serial_shops, nicolae_shop_behind_doors,
          portal_ice_cave_entry_ice_simulacra, ebering_ghost_xom, uniq_erica,
          uniq_maurice
Orc:2:    st_orc_congregation, layout_caves, enter_volcano_2

Skill      XL: |  1  2  3  4  5  6  7  8  9 10 11 12 13 14 15 16 17 |
---------------+----------------------------------------------------+-----
Throwing       | 2 3 4 5 6 7 8 9 10 10 11 | 11.9
Polearms       | 3 4 5 6 7 8 9 10 10 11 12 | 12.0
Dodging        | 3 4 5 6 7 8 9 10 10 11 12 | 12.0
Armour         | 1 2 3 4 5 6 7 9 10 9 10 11 | 11.7
Fighting       | 3 4 5 6 8 9 10 11 11 12 | 12.9
Crossbows      | 3 4 6 7 8 |  8.0
Shields        | 3 4 |  4.0
Transmutations | 1 |  1.5
Evocations     | 1 4 5 |  5.6

Action                   |  1- 3 |  4- 6 |  7- 9 | 10-12 | 13-15 | 16-18 || total
-------------------------+-------+-------+-------+-------+-------+-------++-------
Melee: Trident           |   119 |   173 |    56 |     1 |  1887 |   803 ||  3039
       Kick              |    15 |    40 |    85 |   262 |   780 |   520 ||  1702
       Quarterstaff      |       |       |   179 |   617 |   350 |       ||  1146
       Glaive            |       |       |       |       |     9 |       ||     9
       Spear             |       |       |       |       |       |   257 ||   257
       Demon trident     |       |       |       |       |       |   316 ||   316
 Fire: Triple crossbow   |       |       |       |       |    14 |       ||    14
Throw: Dart              |       |     3 |       |     2 |     8 |     1 ||    14
       Throwing net      |       |     1 |       |       |     7 |       ||     8
       Boomerang         |       |       |       |       |     1 |     2 ||     3
Invok: Sacrifice Love    |       |     1 |       |       |       |       ||     1
       Sacrifice Arcana  |       |       |     1 |       |       |       ||     1
       Draw Out Power    |       |       |       |     2 |     8 |     6 ||    16
       Sacrifice Stealth |       |       |       |     1 |       |       ||     1
       Power Leap        |       |       |       |       |     2 |       ||     2
       Sacrifice Words   |       |       |       |       |     1 |       ||     1
       Sacrifice an Eye  |       |       |       |       |     1 |       ||     1
       Sacrifice Skill   |       |       |       |       |     1 |       ||     1
  Use: Scroll            |       |       |     6 |     6 |    18 |    14 ||    44
       Potion            |       |       |       |       |     2 |     6 ||     8
 Stab: Distracted        |       |       |     1 |     3 |    10 |    10 ||    24
       Invisible         |       |       |       |     4 |     9 |     8 ||    21
       Paralysed         |       |       |       |       |    30 |    15 ||    45
       Petrified         |       |       |       |       |     6 |       ||     6
       Held in net/web   |       |       |       |       |     3 |       ||     3
       Petrifying        |       |       |       |       |     1 |       ||     1
Armor: Leather armour    |    16 |       |    36 |       |       |       ||    52
       Ring mail         |    17 |    62 |    50 |    71 |       |       ||   200
       Acid dragon scale |       |       |       |   151 |       |       ||   151
       Troll leather arm |       |       |       |    34 |       |       ||    34
       Storm dragon scal |       |       |       |    19 |  1189 |   424 ||  1632
       Fire dragon scale |       |       |       |       |    30 |       ||    30
       Chain mail        |       |       |       |       |    15 |       ||    15
Dodge: Dodged            |    54 |    83 |   145 |   586 |  1202 |   410 ||  2480
       Repelled          |       |     1 |       |       |       |       ||     1
Block: Buckler           |       |       |       |       |   602 |   413 ||  1015
       Reflection        |       |       |       |       |     4 |    12 ||    16

Table legend: (Time is in decaauts)
 A = Elapsed time spent in this place.
 B = Non-inter-level travel time spent in this place.
 C = Inter-level travel time spent in this place.
 D = Time resting spent in this place.
 E = Time spent auto-exploring this place.
 F = Levels seen in this place.
 G = Mean time per level.
                   A        B        C        D        E       F      G
               +--------+--------+--------+--------+--------+-----+--------+
         Total |  43463 |  41404 |   2059 |   4029 |  27156 |  29 | 1498.7 |
       Dungeon |  24246 |  22822 |   1424 |   1908 |  15385 |  15 | 1616.4 |
          Lair |  10883 |  10421 |    462 |   1178 |   7363 |   6 | 1813.8 |
        Shoals |   4154 |   3986 |    168 |    487 |   2014 |   4 | 1038.5 |
  Orcish Mines |   3495 |   3491 |      4 |    285 |   2161 |   2 | 1747.5 |
      Ice Cave |    310 |    310 |      0 |    170 |      0 |   1 |  310.0 |
       Volcano |    373 |    373 |      0 |      0 |    232 |   1 |  373.0 |
               +--------+--------+--------+--------+--------+-----+--------+

Top non-repeatable levels by time:
    D:10: 3486 daAuts
    D:11: 2966 daAuts
     D:9: 2526 daAuts
  Lair:6: 2180 daAuts
  Lair:5: 2149 daAuts
  Lair:3: 2016 daAuts
  Lair:4: 1997 daAuts
     D:7: 1958 daAuts
   Orc:2: 1921 daAuts
     D:8: 1685 daAuts
Shoals:2: 1624 daAuts
   Orc:1: 1574 daAuts
     D:5: 1573 daAuts
    D:13: 1457 daAuts
  Lair:1: 1444 daAuts
